 Dungeon Crawl Stone Soup version 0.26-a0-393-g67388ea477 (webtiles) character file.

Game seed: 18262499049240505594

19 Aramant the Ducker (level 2, 0/22 HPs)
             Began as a Vampire Gladiator on July 22, 2020.
             Slain by Purgy (6 damage)
             ... on level 3 of the Dungeon.
             The game lasted 00:03:40 (215 turns).

Aramant the Ducker (Vampire Gladiator)               Turns: 215, Time: 00:03:41

Health: 0/22       AC:  5    Str: 13    XL:     2   Next: 55%
Magic:  2/2        EV: 13    Int: 10    God:
Gold:   63         SH:  0    Dex: 15    Spells: 1/1 levels left

rFire    . . .     SeeInvis +   a - +0 rapier
rCold    . . .     Faith    .   (no shield)
rNeg     . . .     Spirit   .   b - +0 leather armour
rPois    .         Reflect  .   c - +0 helmet
rElec    .         Harm     .   (no cloak)
rCorr    .                      f - +0 pair of gloves
MR       .....                  (no boots)
Stlth    +.........             (no amulet)
HPRegen  0.27/turn              (no ring)
MPRegen  0.08/turn              (no ring)

@: regenerating quickly
A: fangs 3, see invisible, unbreathing
a: Exsanguinate


You were on level 3 of the Dungeon.
You visited 1 branch of the dungeon, and saw 3 of its levels.

You collected 63 gold pieces.

Inventory:

Hand Weapons
 a - a +0 rapier (weapon)
Missiles
 d - 3 throwing nets (quivered)
Armour
 b - a +0 leather armour (worn)
 c - a +0 helmet (worn)
 f - a +0 pair of gloves (worn)


   Skills:
 + Level 1.8 Fighting
 + Level 3.7 Short Blades
 + Level 1.7 Throwing
 + Level 3.7 Dodging


You had one spell level left.
You didn't know any spells.
Your spell library was empty.

Dungeon Overview and Level Annotations

Branches:
Dungeon (3/15)

Altars:

Annotations:
D:3 Grinder, Purgy


Innate Abilities, Weirdness & Mutations

Your natural rate of healing is unusually fast.
You have razor-sharp teeth.
You have supernaturally acute eyesight. (SInv)
You can survive without breathing.


Message History

Purgy is lightly wounded.
Purgy bites you. Purgy claws you. x2
There is a stone staircase leading up, spattered with blood here.
You see here a ball python corpse.
You hit Purgy. You bite Purgy.
Purgy is moderately wounded.
Purgy barely misses you. Purgy completely misses you. Purgy misses you.
There is a stone staircase leading up, spattered with blood here.
You see here a ball python corpse.
You closely miss Purgy.
Purgy is moderately wounded.
Purgy barely misses you. Purgy claws you.
* * * LOW HITPOINT WARNING * * *
Purgy claws you but does no damage.
There is a stone staircase leading up, spattered with blood here.
You see here a ball python corpse.
There is a stone staircase leading up, spattered with blood here.
You see here a ball python corpse.
Purgy bites you.
You die...

..##.# ##
#.##.###.######
#.#...........#
#.#..#.........
########.#...........>
............#.........
..........###T.ยง.....
##.......#.........
#.@...............
#.T.....#.#>......
#.#.....#.##......
#$........# ......
###.#...### ####?#
##.#..... .# .........
.#########


You could see Purgy.

Vanquished Creatures
  A worm (D:3)
  2 dart slugs (D:1)
  A leopard gecko (D:2)
  3 hobgoblins
  2 jackals (D:2)
  A ball python (D:3)
  A rat (D:1)
11 creatures vanquished.

Notes
Turn   | Place    | Note
-------+----------+-------------------------------------------
     0 | D:1      | Aramant the Vampire Gladiator began the quest for the Orb.
     0 | D:1      | Reached XP level 1. HP: 16/16 MP: 1/1
    79 | D:1      | Reached XP level 2. HP: 19/22 MP: 2/2
   131 | D:3      | Noticed Purgy
   148 | D:3      | Noticed Grinder
   215 | D:3      | Slain by Purgy

Illustrated notes

Levels and vault maps discovered:
D:1:      dpeg_arrival_arbitrary_b, layout_rooms,
          corexii_item_surrounded_by_moat
D:2:      layout_basic
D:3:      layout_loops_ring, grunt_temple_overflow_open, uniq_grinder,
          uniq_purgy, uniq_natasha, uniq_robin

Action                   || total
-------------------------++-------
Melee: Rapier            ||    38
       Bite              ||     2
  Use: Scroll            ||     3
Armor: Leather armour    ||    18
Dodge: Dodged            ||    52

Table legend: (Time is in decaauts)
 A = Elapsed time spent in this place.
 B = Non-inter-level travel time spent in this place.
 C = Inter-level travel time spent in this place.
 D = Time resting spent in this place.
 E = Time spent auto-exploring this place.
 F = Levels seen in this place.
 G = Mean time per level.
                   A        B        C        D        E       F      G
               +--------+--------+--------+--------+--------+-----+--------+
         Total |    216 |    216 |      0 |     30 |     25 |   3 |   72.0 |
       Dungeon |    216 |    216 |      0 |     30 |     25 |   3 |   72.0 |
               +--------+--------+--------+--------+--------+-----+--------+

Top non-repeatable levels by time:
     D:1: 92 daAuts
     D:2: 90 daAuts
     D:3: 33 daAuts
